[Event "January 2 Early 2024"]
[Site "https://www.chess.com"]
[Date "2024.01.02"]
[Round "10"]
[White "Monpeurt, Cyrielle"]
[Black "Khromkin, Andrey"]
[Result "1/2-1/2"]
[Board "136"]
[TimeControl "180+1"]
[WhiteFideId "677400"]
[BlackFideId "4154126"]
[WhiteElo "2280"]
[BlackElo "2388"]
[WhiteTeam "FRA"]
[BlackTeam "RUS"]
[WhiteClock "0:00:10"]
[BlackClock "0:01:08"]

1. Nf3 c5 2. b3 Nc6 3. Bb2 d6 4. e3 e5 5. d4 cxd4 6. exd4 e4 7. Nfd2 d5 8. Bb5 f5 9. O-O Nf6 10. c4 Be7 11. cxd5 Nxd5 12. Qh5+ g6 13. Qh6 Bg5 14. Qg7 Qf6 15. Qxf6 Bxf6 16. Nc4 O-O 17. Bxc6 bxc6 18. Ne5 Nb4 19. Nd2 Nd3 20. Bc3 Bxe5 21. dxe5 Be6 22. Rad1 Rfd8 23. Nc4 Bxc4 24. bxc4 Kf7 25. h3 Ke6 26. g4 Nxe5 27. Bxe5 Kxe5 28. f4+ exf3 29. Rb1 Kf4 30. Rb3 fxg4 31. hxg4 Kxg4 32. Rbxf3 Kg5 33. Rf7 h5 34. R1f2 Rd4 35. Kf1 a5 36. Rc7 Rxc4 37. Re7 Rb8 38. Re6 Rb1+ 39. Kg2 Rg4+ 40. Kh2 h4 41. Rxc6 Kh5 42. Rc5+ g5 43. Rxa5 Rgb4 44. Rg2 R4b2 45. Rxg5+ Kh6 46. Rg6+ Kh7 47. Rg7+ Kh8 48. Rg8+ Kh7 49. Rg7+ Kh6 50. Rg6+ Kh5 51. Rg5+ Kh6 52. Rg6+ 1/2-1/2

[Event "January 2 Early 2024"]
[Site "https://www.chess.com"]
[Date "2024.01.02"]
[Round "10"]
[White "Player, Edmund C"]
[Black "Paragua, Megan Althea"]
[Result "0-1"]
[Board "137"]
[TimeControl "180+1"]
[WhiteFideId "406520"]
[BlackFideId "30973007"]
[WhiteElo "2277"]
[BlackElo "2360"]
[WhiteTeam "ENG"]
[BlackTeam "USA"]
[WhiteClock "0:00:09"]
[BlackClock "0:00:32"]

1. e4 c5 2. Nf3 Nf6 3. e5 Nd5 4. c4 Nc7 5. Nc3 Nc6 6. d3 g6 7. Ne4 Ne6 8. Be3 Bg7 9. Qd2 b6 10. Bh6 O-O 11. Bxg7 Kxg7 12. h4 h5 13. Neg5 Qc7 14. Nxe6+ dxe6 15. g4 hxg4 16. h5 Rh8 17. h6+ Kg8 18. Ng5 Qxe5+ 19. Kd1 Nd4 20. Bg2 Rb8 21. b4 Nf3 22. Bxf3 Qxa1+ 23. Kc2 Qxa2+ 24. Kc1 Qxd2+ 25. Kxd2 gxf3 26. h7+ Kg7 27. Ke3 f6 28. Ne4 Rxh7 29. Ra1 a6 30. bxc5 bxc5 31. Nxc5 Rb6 32. Kxf3 Rh5 33. Ne4 Bb7 34. c5 Rxc5 35. Ke3 Bxe4 36. d4 Rcb5 37. Kxe4 a5 38. f4 f5+ 39. Kd3 Rb3+ 40. Kc4 R6b4+ 41. Kc5 Rc3# 0-1

[Event "January 2 Early 2024"]
[Site "https://www.chess.com"]
[Date "2024.01.02"]
[Round "10"]
[White "Cardozo Munar, Carlos Eduardo"]
[Black "Bueno, Alfeu Junior Varela"]
[Result "0-1"]
[Board "138"]
[TimeControl "180+1"]
[WhiteFideId "4409477"]
[BlackFideId "2108879"]
[WhiteElo "2275"]
[BlackElo "2345"]
[WhiteTeam "COL"]
[BlackTeam "BRA"]
[WhiteClock "0:00:00"]
[BlackClock "0:00:12"]

1. e4 e6 2. d4 d5 3. Bd3 c5 4. c3 Nc6 5. exd5 exd5 6. Nf3 Bg4 7. O-O cxd4 8. cxd4 Bxf3 9. Qxf3 Nf6 10. Re1+ Be7 11. Qe3 O-O 12. Nc3 Re8 13. Qf4 Qb6 14. Bd2 Qxd4 15. Qxd4 Nxd4 16. Bg5 Rad8 17. Rad1 Kf8 18. h3 h6 19. Be3 Nc6 20. Nb5 Bb4 21. Re2 d4 22. Bf4 Rxe2 23. Bxe2 a6 24. a4 axb5 25. axb5 Ne7 26. Bc7 Rd7 27. b6 Nc6 28. Ra1 Bd6 29. Ra8+ Ke7 30. Rc8 Nd5 31. Bb5 Bxc7 32. Bxc6 bxc6 33. Rb8 Bxb8 34. b7 Rxb7 35. g4 Rxb2 0-1

[Event "January 2 Early 2024"]
[Site "https://www.chess.com"]
[Date "2024.01.02"]
[Round "10"]
[White "Lima, Artur Tin Lun Dai"]
[Black "Chirivi C, Jenny Astrid"]
[Result "1-0"]
[Board "139"]
[TimeControl "180+1"]
[WhiteFideId "22773150"]
[BlackFideId "4403061"]
[WhiteElo "2345"]
[BlackElo "2240"]
[WhiteTeam "BRA"]
[BlackTeam "COL"]
[WhiteClock "0:00:13"]
[BlackClock "0:00:00"]

1. e4 c5 2. Nf3 e6 3. Bc4 a6 4. Bb3 Qc7 5. d3 Nc6 6. a4 Nf6 7. O-O Be7 8. c3 d5 9. Re1 dxe4 10. dxe4 O-O 11. h3 Rd8 12. Qe2 Ne5 13. Nbd2 Nd3 14. Rd1 Nxc1 15. Raxc1 h6 16. Nf1 b6 17. Rxd8+ Bxd8 18. Ng3 Bb7 19. Rd1 Be7 20. Bc2 Rd8 21. Re1 Qf4 22. Rb1 h5 23. Re1 h4 24. Nf1 Nh5 25. N1d2 Qf6 26. Nc4 Nf4 27. Qe3 e5 28. Ncxe5 Bc8 29. Bb3 Rf8 30. Rd1 c4 31. Bxc4 Bc5 32. Qe1 Bxh3 33. gxh3 Nxh3+ 34. Kg2 Nxf2 35. Rd2 h3+ 36. Kg3 Bd6 37. Qxf2 Bxe5+ 38. Nxe5 Qxe5+ 39. Qf4 Qc5 40. Bd5 Qg1+ 41. Kxh3 b5 42. Rg2 Qh1+ 43. Qh2 Qxh2+ 44. Kxh2 bxa4 45. Rf2 g6 46. Rf6 Kg7 47. Rxa6 Rb8 48. Rxa4 Rxb2+ 49. Kg3 Rc2 50. c4 Rc3+ 51. Kf4 f6 52. Ra7+ Kh6 53. e5 g5+ 54. Kf5 fxe5 55. Kxe5 g4 56. Kd4 Rc1 57. c5 g3 58. Ra3 Rg1 59. c6 Kg5 60. c7 Kh4 61. c8=Q Rd1+ 62. Rd3 Rxd3+ 63. Kxd3 g2 64. Bxg2 1-0

[Event "January 2 Early 2024"]
[Site "https://www.chess.com"]
[Date "2024.01.02"]
[Round "10"]
[White "Cueto, Jonny"]
[Black "Gerbelli Neto, Eduardo"]
[Result "0-1"]
[Board "140"]
[TimeControl "180+1"]
[WhiteFideId "3300145"]
[BlackFideId "2103281"]
[WhiteElo "2256"]
[BlackElo "2336"]
[WhiteTeam "BOL"]
[BlackTeam "BRA"]
[WhiteClock "0:00:00"]
[BlackClock "0:00:15"]

1. d4 d5 2. Bf4 Nf6 3. e3 Bf5 4. c4 e6 5. Qb3 b6 6. Nc3 c6 7. Nf3 Be7 8. h3 h6 9. Be2 O-O 10. O-O Nbd7 11. Rac1 dxc4 12. Bxc4 c5 13. Rfd1 cxd4 14. Nxd4 Bg6 15. Nc6 Qe8 16. Nxe7+ Qxe7 17. Bd6 Qe8 18. Bxf8 Kxf8 19. Nb5 Nc5 20. Qa3 Qc6 21. Nd4 Qa4 22. Qb3 Nxb3 23. Bxb3 Qb4 24. Nc6 Qh4 25. Nd8 Be4 26. Rc7 Qg5 27. g3 Qf5 28. Rxf7+ Ke8 29. Ba4+ b5 30. Rc7 bxa4 31. Nb7 Bxb7 32. Rxb7 Nd5 33. Re1 Qe4 34. Rxg7 Rc8 35. Rg8+ Kd7 36. Rg7+ Kd6 37. Rxa7 Rc2 38. Ra6+ Ke7 39. Ra7+ Kf6 40. Ra8 Kg7 41. Ra7+ Kg6 42. Ra8 Qf3 43. Rg8+ Kh7 44. Rf8 Qxf8 0-1

[Event "January 2 Early 2024"]
[Site "https://www.chess.com"]
[Date "2024.01.02"]
[Round "10"]
[White "Kohler, Aran"]
[Black "Tuleyeva-Aketayeva, Dana"]
[Result "1-0"]
[Board "141"]
[TimeControl "180+1"]
[WhiteFideId "1002856"]
[BlackFideId "13701932"]
[WhiteElo "2223"]
[BlackElo "2331"]
[WhiteTeam "NED"]
[BlackTeam "KAZ"]
[WhiteClock "0:00:44"]
[BlackClock "0:00:08"]

1. d4 Nf6 2. Nf3 e6 3. Bg5 Be7 4. Nbd2 O-O 5. e3 b6 6. Bd3 Ba6 7. c4 d5 8. b3 Nbd7 9. h4 c5 10. Ne5 Nxe5 11. dxe5 Nd7 12. f4 dxc4 13. Nxc4 Bxc4 14. bxc4 Rb8 15. Qh5 g6 16. Qe2 f6 17. Bh6 Re8 18. h5 f5 19. hxg6 hxg6 20. O-O-O b5 21. g4 Qa5 22. cxb5 c4 23. Bxc4 Ba3+ 24. Kb1 Qb4+ 25. Ka1 Nb6 26. Bb3 Na4 27. Qc4 Qxc4 28. Bxc4 Rbc8 29. Bg7 Rxc4 30. Rd7 Bb2+ 31. Kb1 Rec8 32. Rh8# 1-0

[Event "January 2 Early 2024"]
[Site "https://www.chess.com"]
[Date "2024.01.02"]
[Round "10"]
[White "Gottstein, Claudius-Thomas"]
[Black "Poddubnyi, Viktor"]
[Result "0-1"]
[Board "142"]
[TimeControl "180+1"]
[WhiteFideId "4653327"]
[BlackFideId "4141989"]
[WhiteElo "2220"]
[BlackElo "2325"]
[WhiteTeam "GER"]
[BlackTeam "RUS"]
[WhiteClock "0:01:22"]
[BlackClock "0:00:29"]

1. Nf3 g6 2. c4 Bg7 3. Nc3 c5 4. g3 Nf6 5. Bg2 O-O 6. O-O Nc6 7. d4 cxd4 8. Nxd4 Ng4 9. Nxc6 bxc6 10. Qc2 Rb8 11. b3 d5 12. Rd1 e6 13. h3 Nxf2 14. Kxf2 Qf6+ 15. Kg1 Qxc3 16. Qxc3 Bxc3 17. Rb1 Ba6 18. cxd5 Bxe2 19. Ba3 Bxd1 20. Bxf8 Kxf8 21. Rxd1 cxd5 22. Rd3 Be5 23. g4 Rc8 24. Rd2 Rc3 25. Kf2 Ke7 26. Bf3 Kd6 27. Kg2 Bf4 28. Rb2 d4 29. Be4 f5 30. gxf5 gxf5 31. Bf3 e5 32. Re2 e4 33. Bh5 d3 0-1

[Event "January 2 Early 2024"]
[Site "https://www.chess.com"]
[Date "2024.01.02"]
[Round "10"]
[White "Franchini, Gabriele"]
[Black "Dahl, Trygve"]
[Result "1/2-1/2"]
[Board "143"]
[TimeControl "180+1"]
[WhiteFideId "806790"]
[BlackFideId "1513427"]
[WhiteElo "2214"]
[BlackElo "2323"]
[WhiteTeam "ITA"]
[BlackTeam "NOR"]
[WhiteClock "0:01:06"]
[BlackClock "0:01:04"]

1. e4 c5 2. Nc3 a6 3. g3 b5 4. Bg2 Bb7 5. d3 e6 6. Nh3 Nf6 7. O-O Be7 8. Be3 O-O 9. f4 d5 10. exd5 Nxd5 11. Nxd5 Bxd5 12. Nf2 Bxg2 13. Kxg2 Qd5+ 14. Qf3 Qxf3+ 15. Kxf3 Nc6 16. Ne4 Nd4+ 17. Bxd4 cxd4 18. a4 b4 19. Nd2 Rac8 20. Rfc1 Rc5 21. b3 a5 22. Nc4 Rd8 23. Re1 Bf6 24. Re4 g6 25. Rae1 h5 26. h3 Bg7 27. g4 Rdd5 28. Rg1 Bf6 29. g5 Bg7 30. h4 Rd8 31. Rge1 Kf8 32. Ke2 Kg8 33. Kd2 Rdc8 34. R1e2 1/2-1/2

[Event "January 2 Early 2024"]
[Site "https://www.chess.com"]
[Date "2024.01.02"]
[Round "10"]
[White "Larina, Maria"]
[Black "Thiel, Thomas"]
[Result "0-1"]
[Board "144"]
[TimeControl "180+1"]
[WhiteFideId "24113182"]
[BlackFideId "4615964"]
[WhiteElo "2312"]
[BlackElo "2188"]
[WhiteTeam "FID"]
[BlackTeam "GER"]
[WhiteClock "0:00:10"]
[BlackClock "0:00:49"]

1. e4 d5 2. exd5 Nf6 3. Nf3 Nxd5 4. d4 g6 5. h3 Bg7 6. c4 Nb6 7. Nc3 O-O 8. Be2 Nc6 9. d5 Na5 10. Nd2 c6 11. dxc6 Nxc6 12. O-O Be6 13. c5 Nd5 14. Nxd5 Bxd5 15. Qa4 Qa5 16. Qh4 Qxc5 17. Nf3 Bxf3 18. Bxf3 Nd4 19. Bxb7 Rab8 20. Ba6 Rb4 21. Qg3 Nf5 22. Qa3 Qb6 23. Rb1 Qd4 24. Bg5 Ra4 25. Qd3 Qxd3 26. Bxd3 Rxa2 27. Bxf5 gxf5 28. Bxe7 Re8 29. Ba3 Re2 30. Rfe1 Rxe1+ 31. Rxe1 Bxb2 32. Re8+ Kg7 33. Bxb2+ Rxb2 34. Ra8 Rb7 35. f4 Kf6 36. Kf2 Ke6 37. Kf3 Kd6 38. Kg3 Kc5 39. Kh4 f6 40. g4 fxg4 41. hxg4 Kb4 42. g5 fxg5+ 43. Kxg5 a5 44. f5 a4 45. f6 Kb3 46. Kh6 a3 47. Kg5 a2 48. Kf5 Kb2 49. Ke6 a1=Q 50. Rxa1 Kxa1 51. f7 Rxf7 52. Kxf7 h5 53. Ke6 h4 54. Kf5 h3 55. Kg4 h2 56. Kg3 h1=Q 0-1

[Event "January 2 Early 2024"]
[Site "https://www.chess.com"]
[Date "2024.01.02"]
[Round "10"]
[White "Novikova, Margarita"]
[Black "Zampronha, Wladimir Camilo"]
[Result "0-1"]
[Board "145"]
[TimeControl "180+1"]
[WhiteFideId "14109689"]
[BlackFideId "2103087"]
[WhiteElo "2135"]
[BlackElo "2307"]
[WhiteTeam "GER"]
[BlackTeam "BRA"]
[WhiteClock "0:00:41"]
[BlackClock "0:00:28"]

1. e4 c5 2. Nc3 Nc6 3. d3 e6 4. g3 d5 5. exd5 exd5 6. Bg2 Nf6 7. Bg5 d4 8. Ne4 Be7 9. Nxf6+ Bxf6 10. Bxf6 Qxf6 11. Ne2 O-O 12. O-O Bg4 13. Qd2 Rfe8 14. Nf4 Rad8 15. Rfe1 h6 16. Nd5 Qd6 17. Nf4 b6 18. h3 Bc8 19. a3 Ne5 20. Kh1 Qc7 21. Re2 Nc6 22. Rae1 Rxe2 23. Qxe2 Qd6 24. Nd5 Be6 25. Nf4 Bd7 26. Qh5 Re8 27. Rxe8+ Bxe8 28. Qe2 Ne5 29. Nd5 Bc6 30. Nf4 Bxg2+ 31. Nxg2 Qe6 32. Nf4 Qc6+ 33. Qe4 Qxe4+ 34. dxe4 Nc4 35. Nd3 Kf8 36. f4 Ke7 37. a4 Nd2 38. e5 Ke6 39. g4 Kd5 40. b3 Ke4 41. f5 Kd5 42. Kg2 a6 43. h4 b5 44. axb5 axb5 45. g5 hxg5 46. hxg5 Ne4 47. f6 g6 48. Nf4+ Kxe5 49. Nxg6+ Kf5 50. Nh8 Nxg5 51. Kf2 Kxf6 52. Ke2 Kg7 53. Nxf7 Kxf7 54. Kd3 Nf3 55. b4 cxb4 56. Ke4 Ke6 57. Kxf3 Kd5 58. Ke2 Kc4 59. Kd2 b3 60. cxb3+ Kxb3 61. Kd3 b4 0-1

[Event "January 2 Early 2024"]
[Site "https://www.chess.com"]
[Date "2024.01.02"]
[Round "10"]
[White "Skaric, Djuro"]
[Black "Quirke, Jeffrey"]
[Result "0-1"]
[Board "146"]
[TimeControl "180+1"]
[WhiteFideId "934569"]
[BlackFideId "2013029"]
[WhiteElo "2298"]
[BlackElo "2068"]
[WhiteTeam "SRB"]
[BlackTeam "USA"]
[WhiteClock "0:00:42"]
[BlackClock "0:00:20"]

1. g3 Nf6 2. Bg2 g6 3. d3 Bg7 4. Nf3 O-O 5. O-O d6 6. Nc3 Nc6 7. e4 e5 8. h3 a5 9. Ne1 Nh5 10. Ne2 f5 11. f4 exf4 12. gxf4 Nd4 13. c3 Nxe2+ 14. Qxe2 Qh4 15. Qf2 Qxf2+ 16. Rxf2 fxe4 17. dxe4 Bd7 18. Be3 a4 19. Nd3 a3 20. Bd4 axb2 21. Nxb2 Nxf4 22. Kh2 Nxg2 23. Rxg2 Bc6 24. Re2 Rfe8 25. Bxg7 Kxg7 26. e5 Rxe5 27. Rxe5 dxe5 28. Nc4 e4 29. Ne5 Bd5 30. a3 Re8 31. Ng4 e3 32. Re1 e2 33. Kg3 h5 34. Nh2 Re3+ 35. Kf4 Rxc3 36. Rxe2 Rxa3 37. Rd2 c6 38. Rb2 Rxh3 39. Ke5 b5 40. Nf1 Kh6 41. Kd4 Rh4+ 42. Kc5 Rf4 43. Ne3 h4 44. Kd6 h3 45. Rh2 Rf3 46. Ng4+ Kg5 47. Ne5 Ra3 48. Kc5 Kf5 49. Nd7 Bg2 50. Kd4 g5 51. Nc5 g4 52. Nd3 Rxd3+ 53. Kxd3 g3 0-1

[Event "January 2 Early 2024"]
[Site "https://www.chess.com"]
[Date "2024.01.02"]
[Round "10"]
[White "Brandao, Marcius Gomes"]
[Black "Espinoza Villanueva, Rodrigo"]
[Result "0-1"]
[Board "147"]
[TimeControl "180+1"]
[WhiteFideId "2124980"]
[BlackFideId "5140188"]
[WhiteElo "2083"]
[BlackElo "2638"]
[WhiteTeam "BRA"]
[BlackTeam "MEX"]
[WhiteClock "0:00:00"]
[BlackClock "0:01:27"]

1. d4 Nf6 2. c4 e6 3. Nc3 Bb4 4. f3 c5 5. d5 O-O 6. e4 b5 7. cxb5 exd5 8. exd5 a6 9. bxa6 d6 10. Bd3 Re8+ 11. Ne2 Bxa6 12. Bxa6 Nxa6 13. O-O Qb6 14. a3 c4+ 15. Kh1 Bc5 16. Na4 Qa7 17. Nxc5 Nxc5 18. Nd4 Nd3 19. Nf5 Nxd5 20. Nxd6 Re6 21. Nxc4 Nf2+ 22. Rxf2 Qxf2 23. Bg5 Rae8 24. Bd2 Re2 25. Qg1 Rxd2 26. Nxd2 Qxd2 27. Rd1 Qg5 28. b4 h5 29. b5 Re2 30. a4 Ne3 31. Rc1 Rxg2 32. Rc8+ Kh7 33. Qb1+ f5 34. b6 Rxh2+ 0-1

[Event "January 2 Early 2024"]
[Site "https://www.chess.com"]
[Date "2024.01.02"]
[Round "10"]
[White "Blanco Diez, David"]
[Black "Borda Rodas, Anapaola S."]
[Result "1-0"]
[Board "148"]
[TimeControl "180+1"]
[WhiteFideId "32032927"]
[BlackFideId "152781"]
[WhiteElo "2405"]
[BlackElo "2288"]
[WhiteTeam "ESP"]
[BlackTeam "ARG"]
[WhiteClock "0:00:06"]
[BlackClock "0:00:07"]

1. e4 e5 2. Nf3 Nc6 3. Bc4 Bc5 4. c3 Nf6 5. d4 exd4 6. e5 d5 7. Bb5 Ne4 8. cxd4 Bb6 9. Nc3 O-O 10. Be3 f5 11. Qb3 Ne7 12. Bd3 Kh8 13. O-O-O f4 14. Bxe4 dxe4 15. Ng5 fxe3 16. Nf7+ Rxf7 17. Qxf7 exf2 18. Qxf2 Bf5 19. Rhe1 Qe8 20. Nxe4 Bxe4 21. Rxe4 Nd5 22. Qh4 Qa4 23. a3 Ba5 24. Qf2 Qc6+ 25. Qc2 Qd7 26. e6 Qe7 27. Qc5 Qxc5+ 28. dxc5 c6 29. Rf1 Kg8 30. Rf7 b6 31. b4 bxc5 32. bxa5 a6 33. Rb7 Re8 34. Ra7 c4 35. Rxa6 c3 36. Rxc6 Nf6 37. Re3 Ng4 38. Re4 Nf2 39. Re2 Nd3+ 40. Kc2 Nf4 41. Re4 Nd5 42. Rd6 Nf6 43. Re1 h6 44. e7 Kf7 45. a6 Ng4 46. h3 Nf6 47. Rd8 Rxe7 48. Rxe7+ Kxe7 49. Rb8 Nd5 50. a7 1-0

[Event "January 2 Early 2024"]
[Site "https://www.chess.com"]
[Date "2024.01.02"]
[Round "10"]
[White "Alonso Garcia, Rene Marcial"]
[Black "Schuh, Karsten"]
[Result "0-1"]
[Board "149"]
[TimeControl "180+1"]
[WhiteFideId "3500276"]
[BlackFideId "4637950"]
[WhiteElo "2271"]
[BlackElo "2338"]
[WhiteTeam "FID"]
[BlackTeam "GER"]
[WhiteClock "0:00:00"]
[BlackClock "0:00:15"]

1. d4 f5 2. g3 Nf6 3. Bg2 g6 4. c3 Bg7 5. Qb3 Nc6 6. Nd2 d6 7. Nh3 e5 8. dxe5 dxe5 9. Ng5 Qe7 10. Qb5 O-O 11. h4 e4 12. Nc4 a6 13. Qb3 Kh8 14. Bf4 h6 15. O-O-O b5 16. Ne3 Na5 17. Qb4 Qxb4 18. cxb4 Nc6 19. Nh3 Be6 20. a3 Rac8 21. Kb1 a5 22. Rc1 Nd4 23. bxa5 c5 24. Bd6 Rfd8 25. Bxc5 Nxe2 26. Bb6 Nxc1 27. Bxd8 Nd3 28. Nf4 Bf7 29. Bb6 Nd7 30. Nxd3 exd3 31. Rc1 Ba2+ 32. Kxa2 Rxc1 0-1

[Event "January 2 Early 2024"]
[Site "https://www.chess.com"]
[Date "2024.01.02"]
[Round "10"]
[White "Korol, Dimitry"]
[Black "Sava, Christiansen-Danut-Eugen"]
[Result "1-0"]
[Board "150"]
[TimeControl "180+1"]
[WhiteFideId "14108003"]
[BlackFideId "1210114"]
[WhiteElo "2312"]
[BlackElo "2236"]
[WhiteTeam "UKR"]
[BlackTeam "ROU"]
[WhiteClock "0:00:32"]
[BlackClock "0:00:18"]

1. d4 d5 2. c4 e6 3. Nc3 c5 4. cxd5 cxd4 5. Qxd4 Nc6 6. Qd1 exd5 7. Qxd5 Bd7 8. e3 Nf6 9. Qb3 Bb4 10. Nf3 Qa5 11. Bd2 O-O-O 12. a3 Be6 13. Bc4 Bxc4 14. Qxc4 Kb8 15. O-O Bxc3 16. Bxc3 Qb6 17. Qxf7 Rd7 18. Qc4 Rc8 19. Rfd1 Re7 20. h3 Ne4 21. Rac1 Rf8 22. Bd4 Nxd4 23. Qxd4 Qg6 24. Qd8+ Rxd8 25. Rxd8# 1-0

[Event "January 2 Early 2024"]
[Site "https://www.chess.com"]
[Date "2024.01.02"]
[Round "10"]
[White "Kekic, Armin"]
[Black "Von Buelow, Georg"]
[Result "1-0"]
[Board "151"]
[TimeControl "180+1"]
[WhiteFideId "14401274"]
[BlackFideId "4620658"]
[WhiteElo "2299"]
[BlackElo "2178"]
[WhiteTeam "BIH"]
[BlackTeam "GER"]
[WhiteClock "0:00:46"]
[BlackClock "0:00:00"]

1. e4 c5 2. Nf3 d6 3. d4 cxd4 4. Nxd4 Nf6 5. Nc3 a6 6. Be3 Ng4 7. Bg5 h6 8. Bh4 g5 9. Bg3 Bg7 10. Be2 h5 11. h3 h4 12. Bxg4 hxg3 13. Bxc8 gxf2+ 14. Kxf2 Qxc8 15. Nde2 Qc5+ 16. Ke1 Nc6 17. Qd5 Qe3 18. Qd3 Qxd3 19. cxd3 g4 20. h4 Nb4 21. Rd1 Nc2+ 22. Kf2 Nd4 23. Nxd4 Bxd4+ 24. Kg3 Kd7 25. Kxg4 Rag8+ 26. Kf3 Rh6 27. g4 Rf6+ 28. Kg3 Be5+ 29. Kh3 Rf3+ 30. Kg2 Rg3+ 31. Kf2 R8xg4 32. Ne2 Rg2+ 33. Ke3 e6 34. h5 f5 35. exf5 exf5 36. h6 Bh8 37. h7 Rg7 38. Rde1 R2g4 39. Kf3 1-0

[Event "January 2 Early 2024"]
[Site "https://www.chess.com"]
[Date "2024.01.02"]
[Round "10"]
[White "Refrigerator1955"]
[Black "Pogorelskikh, Sofia"]
[Result "0-1"]
[Board "152"]
[TimeControl "180+1"]
[BlackFideId "44164548"]
[WhiteElo "2027"]
[BlackElo "2288"]
[BlackTeam "SRB"]
[WhiteClock "0:00:33"]
[BlackClock "0:00:02"]

1. e4 c5 2. Nf3 Nc6 3. d4 cxd4 4. Nxd4 Qb6 5. Nb3 e6 6. Be3 Qc7 7. Nc3 a6 8. a4 Nf6 9. Be2 Bb4 10. f3 d5 11. exd5 Nxd5 12. Bd2 O-O 13. O-O Rd8 14. Nxd5 Rxd5 15. c3 Bd6 16. c4 Bxh2+ 17. Kh1 Rh5 18. f4 Rh4 19. Rf3 Bxf4+ 20. Kg1 e5 21. g3 Bg4 22. gxh4 Bxf3 23. Bxf3 Rd8 24. Qe1 Qb6+ 25. Kg2 Qxb3 26. Bxf4 exf4 27. Bxc6 Qxb2+ 28. Kh3 Rd3+ 29. Kg4 h5+ 30. Kxf4 Qf6+ 31. Ke4 Qd4+ 32. Kf5 g6+ 33. Kg5 Qc5+ 34. Kf4 Qd6+ 35. Ke4 bxc6 36. Rb1 Qd4# 0-1

[Event "January 2 Early 2024"]
[Site "https://www.chess.com"]
[Date "2024.01.02"]
[Round "10"]
[White "Mendez Fortes, Eduardo Jesus"]
[Black "Mesa Cruz, Juan Carlos"]
[Result "1-0"]
[Board "153"]
[TimeControl "180+1"]
[WhiteFideId "3502376"]
[BlackFideId "6423400"]
[WhiteElo "2568"]
[BlackElo "2286"]
[WhiteTeam "CUB"]
[BlackTeam "DOM"]
[WhiteClock "0:00:52"]
[BlackClock "0:00:04"]

1. d4 Nf6 2. c4 e6 3. Nc3 Bb4 4. e3 O-O 5. Bd3 d5 6. Nf3 b6 7. cxd5 exd5 8. O-O Bb7 9. Ne5 Bd6 10. f4 c5 11. Qe1 Nc6 12. Nxc6 Bxc6 13. Qg3 Re8 14. Qh3 Ne4 15. Bxe4 dxe4 16. d5 Bb7 17. b3 a6 18. Bb2 b5 19. Rad1 Bf8 20. g4 Rc8 21. Qg2 c4 22. Nxe4 cxb3 23. axb3 Qe7 24. Rd4 Bxd5 25. Rxd5 Qxe4 26. Qxe4 Rxe4 27. Bd4 Re6 28. Kf2 Rc2+ 29. Kg3 h6 30. h4 Rec6 31. g5 h5 32. f5 Bd6+ 33. Kf3 Rh2 34. Rxd6 Rxd6 35. Be5 Rdd2 36. Bxh2 Rxh2 37. Kg3 Re2 38. Kf4 Rb2 39. Ra1 Rxb3 40. Rxa6 Kf8 41. Ra7 Rb1 42. g6 fxg6 43. fxg6 b4 44. Rf7+ Kg8 45. Kg5 b3 46. Rb7 Kf8 47. Kxh5 b2 48. e4 Ke8 49. e5 Re1 50. Rxb2 Rxe5+ 51. Kg4 Re4+ 52. Kg5 Re5+ 53. Kf4 Rh5 54. Kg4 Re5 55. Rf2 Re4+ 56. Kg5 Re5+ 57. Rf5 Re1 58. Rf7 Re5+ 59. Kf4 Rh5 60. Kg4 Rd5 61. Rxg7 Kf8 62. Rf7+ Kg8 63. h5 Rd4+ 64. Kg5 Rd5+ 65. Kh6 Ra5 66. Rb7 Ra8 67. Rb6 Kh8 68. Kg5 Rf8 69. h6 Ra8 70. Rb7 Ra5+ 71. Kf4 Ra4+ 72. Ke3 Ra6 73. Rb8# 1-0

[Event "January 2 Early 2024"]
[Site "https://www.chess.com"]
[Date "2024.01.02"]
[Round "10"]
[White "Dyulgerov, Volen"]
[Black "Gutierrez Carmona, Juan Alejandro"]
[Result "1-0"]
[Board "155"]
[TimeControl "180+1"]
[WhiteFideId "2918978"]
[BlackFideId "5106770"]
[WhiteElo "2412"]
[BlackElo "2199"]
[WhiteTeam "BUL"]
[BlackTeam "MEX"]
[WhiteClock "0:00:02"]
[BlackClock "0:00:00"]

1. e4 e5 2. d4 exd4 3. c3 d5 4. e5 dxc3 5. Nf3 cxb2 6. Bxb2 Bb4+ 7. Nc3 Ne7 8. Bd3 c5 9. O-O Nbc6 10. Nb5 c4 11. Bc2 h6 12. Nd6+ Bxd6 13. exd6 Qxd6 14. Re1 O-O 15. Re3 Nf5 16. Ra3 Be6 17. g4 Nfe7 18. g5 h5 19. Nd4 Qf4 20. Qxh5 g6 21. Qh8+ Kxh8 22. Nf5+ 1-0

[Event "January 2 Early 2024"]
[Site "https://www.chess.com"]
[Date "2024.01.02"]
[Round "10"]
[White "Diaz Herquinio, Brahian"]
[Black "Dargan, Paul A G"]
[Result "0-1"]
[Board "156"]
[TimeControl "180+1"]
[WhiteFideId "3809480"]
[BlackFideId "416762"]
[WhiteElo "2400"]
[BlackElo "2183"]
[WhiteTeam "PER"]
[BlackTeam "ENG"]
[WhiteClock "0:01:34"]
[BlackClock "0:01:03"]

1. e4 c5 2. Nf3 Nc6 3. d4 cxd4 4. Nxd4 Nf6 5. Nc3 e5 6. Ndb5 d6 7. Bg5 a6 8. Na3 b5 9. Nd5 Be7 10. Bxf6 Bxf6 11. c4 Ne7 12. cxb5 O-O 13. b6 Nxd5 14. Qxd5 Qxb6 15. Nc4 Qb4+ 16. Qd2 Qxd2+ 17. Nxd2 Bb7 18. Bc4 Rac8 19. b3 Rfd8 20. Ke2 d5 21. exd5 Bxd5 22. Bxd5 Rxd5 23. Rac1 Rxd2+ 24. Kxd2 Bg5+ 25. Ke2 Rxc1 0-1

[Event "January 2 Early 2024"]
[Site "https://www.chess.com"]
[Date "2024.01.02"]
[Round "10"]
[White "Pein, Jonathan"]
[Black "Tagliati, Eleonore"]
[Result "0-1"]
[Board "157"]
[TimeControl "180+1"]
[WhiteFideId "417092"]
[BlackFideId "45172234"]
[WhiteElo "2366"]
[BlackElo "2175"]
[WhiteTeam "ENG"]
[BlackTeam "FRA"]
[WhiteClock "0:00:33"]
[BlackClock "0:01:45"]

1. e4 c5 2. Nh3 Nc6 3. f4 d5 4. Ng5 dxe4 5. Bc4 e6 6. Nc3 Nf6 7. Ngxe4 Be7 8. d3 O-O 9. O-O Nd5 10. Qh5 Nd4 11. Rf2 Nf6 12. Nxf6+ Bxf6 13. Qxc5 Nxc2 14. Ne2 Nxa1 15. d4 Nc2 16. d5 Qb6 17. Qxb6 axb6 18. dxe6 Bxe6 19. Bd3 Nd4 20. Nc3 Nc6 21. Ne4 Bd4 22. g3 Bxf2+ 23. Kxf2 Bd5 24. Be3 Bxe4 25. Bxe4 Rxa2 26. Bxc6 Rxb2+ 27. Kf3 bxc6 28. Bd4 Rb3+ 29. Kg4 c5 0-1

[Event "January 2 Early 2024"]
[Site "https://www.chess.com"]
[Date "2024.01.02"]
[Round "10"]
[White "Jing, Andrew"]
[Black "Marcziter, Dmitrii"]
[Result "0-1"]
[Board "158"]
[TimeControl "180+1"]
[WhiteFideId "30984076"]
[BlackFideId "13900765"]
[WhiteElo "2143"]
[BlackElo "2361"]
[WhiteTeam "USA"]
[BlackTeam "GER"]
[WhiteClock "0:01:53"]
[BlackClock "0:01:16"]

1. d4 Nf6 2. c4 g6 3. g3 Bg7 4. Bg2 O-O 5. Nc3 d6 6. Nf3 Nc6 7. O-O a6 8. b3 Rb8 9. Bb2 b5 10. cxb5 axb5 11. d5 Na5 12. Nd4 Bd7 13. Qd3 b4 14. Nd1 e5 15. dxe6 fxe6 16. e4 e5 17. Ne2 Bb5 18. Qd2 c5 19. Ne3 Nc6 20. Rfd1 Nd4 21. Nd5 Nxe2+ 22. Kh1 Nd4 23. Bxd4 exd4 24. Qg5 Bc6 25. Nxf6+ Qxf6 26. Qxf6 Bxf6 27. f4 Rbe8 28. Re1 Re7 29. Rad1 Rfe8 30. e5 Bxg2+ 31. Kxg2 dxe5 32. fxe5 Rxe5 33. Rxe5 Rxe5 34. Kf3 Kf7 35. Kf4 g5+ 36. Kg4 Kg6 37. h4 h5+ 38. Kh3 g4+ 39. Kg2 Re2+ 40. Kf1 Rxa2 41. Re1 Rb2 42. Re8 Rxb3 43. Ra8 Rb2 44. Ra7 b3 45. Ra6 c4 46. Rb6 c3 47. Rc6 c2 48. Rc5 Rb1+ 49. Ke2 c1=Q 50. Rxc1 Rxc1 51. Kd3 b2 52. Ke4 b1=Q+ 53. Kd5 Qb5+ 54. Ke4 Re1+ 55. Kf4 Qe5# 0-1